BSA
ST CHARLES SHEENS @ NASSAU ROCKETS
06/27/2028
 
TOP OF THE 1ST
St Charles Sheens batting - Pitching for Nassau Rockets : LHP Rod Adams
Pitching: LHP Rod Adams
Batting: RHB Jesús Hernández 0-0: Foul Ball, location: 2F
0-1: Ground out 5-3 (Groundball, 56)
Batting: RHB Júlio Figueroa 0-0: SINGLE (Groundball, 6MD)
Batting: RHB Dan Tyler 0-0: Swinging Strike
0-1: TRIPLE (Groundball, 3L)
Júlio Figueroa scores
Batting: RHB Max Rash 0-0: Ball
1-0: Ball
2-0: Called Strike
2-1: Ball
3-1: Foul Ball, location: 2F
3-2: Foul Ball, location: 2F
3-2: Foul Ball, location: 2F
3-2: Foul Ball, location: 2F
3-2: Strikes out swinging
Batting: LHB Stan Bates 0-0: Called Strike
0-1: Ball
1-1: Ball
2-1: Ball
3-1: Fly out, F8 (Flyball, 8RD)
Top of the 1st over - 1 run(s), 2 hit(s), 0 error(s), 1 left on base; St Charles 1 - Nassau 0
BOTTOM OF THE 1ST
Nassau Rockets batting - Pitching for St Charles Sheens : RHP Javier Toledo
Pitching: RHP Javier Toledo
Batting: LHB Don Ramey 0-0: Ground out U3 (Groundball, 3)
Batting: LHB Doug Thompson 0-0: Swinging Strike
0-1: Swinging Strike
0-2: Ball
1-2: Foul Ball, location: 2F
1-2: Strikes out swinging
Batting: SHB Howard Parker 0-0: Ball
1-0: Ball
2-0: Ball
3-0: Called Strike
3-1: Base on Balls
Batting: LHB Andrew Alvarado 0-0: Ball
1-0: Foul Ball, location: 2F
1-1: Ball
2-1: Ball
3-1: Called Strike
3-2: SINGLE (Groundball, 6MD)
Howard Parker to second
Howard Parker to third
Batting: LHB Bob Martin 0-0: Ball
1-0: Foul Ball, location: 2F
1-1: Ball
2-1: Foul Ball, location: 2F
2-2: Foul Ball, location: 2F
2-2: Foul Ball, location: 2F
2-2: Fielders Choice at 2nd, 6-4 (Groundball, 6)
Bottom of the 1st over - 0 run(s), 1 hit(s), 0 error(s), 1 left on base; St Charles 1 - Nassau 0
TOP OF THE 2ND
St Charles Sheens batting - Pitching for Nassau Rockets : LHP Rod Adams
Batting: RHB Alfredo Hernández 0-0: Foul Ball, location: 2F
0-1: Ball
1-1: Foul Ball, location: 2F
1-2: Strikes out swinging
Batting: LHB Larry Howard 0-0: Swinging Strike
0-1: Called Strike
0-2: Ball
1-2: Strikes out looking
Batting: RHB Daniel Robert 0-0: Called Strike
0-1: Swinging Strike
0-2: SINGLE (Flyball, 8RS)
Batting: LHB Kyle Harrison 0-0: Called Strike
0-1: Called Strike
0-2: Strikes out swinging
Top of the 2nd over - 0 run(s), 1 hit(s), 0 error(s), 1 left on base; St Charles 1 - Nassau 0
BOTTOM OF THE 2ND
Nassau Rockets batting - Pitching for St Charles Sheens : RHP Javier Toledo
Batting: RHB Salvador Borbón 0-0: Ground out 6-3 (Groundball, 6)
Batting: LHB Wilson Allen 0-0: Ball
1-0: SINGLE (Groundball, 4MD)
Batting: RHB Rubén Matos 0-0: Ball
1-0: Ball
2-0: Ball
3-0: Called Strike
3-1: SINGLE (Groundball, 34) (infield hit)
Wilson Allen to second
Batting: LHB Rafael Delgado 0-0: Called Strike
0-1: Grounds into double play, 6-4-3 (Groundball, 6)
Bottom of the 2nd over - 0 run(s), 2 hit(s), 0 error(s), 1 left on base; St Charles 1 - Nassau 0
TOP OF THE 3RD
St Charles Sheens batting - Pitching for Nassau Rockets : LHP Rod Adams
Batting: RHB Jesús Hernández 0-0: Ball
1-0: Swinging Strike
1-1: Swinging Strike
1-2: Ball
2-2: Fly out, F8 (Flyball, 8LD)
Batting: RHB Júlio Figueroa 0-0: Ground out 5-3 (Groundball, 56)
Batting: RHB Dan Tyler 0-0: Ball
1-0: Fly out, F8 (Flyball, 8RM)
Top of the 3rd over - 0 run(s), 0 hit(s), 0 error(s), 0 left on base; St Charles 1 - Nassau 0
BOTTOM OF THE 3RD
Nassau Rockets batting - Pitching for St Charles Sheens : RHP Javier Toledo
Batting: LHB Don Ramey 0-0: Called Strike
0-1: Foul Ball, location: 2F
0-2: Ball
1-2: SINGLE (Line Drive, 6M)
Batting: LHB Doug Thompson 0-0: Called Strike
0-1: Ball
1-1: SINGLE (Line Drive, 9LM)
Don Ramey to second
Batting: SHB Howard Parker 0-0: Ball
1-0: Called Strike
1-1: Swinging Strike
1-2: Strikes out looking
Batting: LHB Andrew Alvarado 0-0: Called Strike
0-1: Foul Ball, location: 2F
0-2: Ball
1-2: Ball
2-2: Foul Ball, location: 2F
2-2: SINGLE (Groundball, 4MD)
Don Ramey to third
Doug Thompson to second
Batting: LHB Bob Martin 0-0: Ball
1-0: Ball
2-0: Ball
3-0: Called Strike
3-1: Base on Balls
Don Ramey scores
Doug Thompson to third
Andrew Alvarado to second
Batting: RHB Salvador Borbón 0-0: Swinging Strike
0-1: Called Strike
0-2: Foul Ball, location: 2F
0-2: Ball
1-2: Strikes out looking
Batting: LHB Wilson Allen 0-0: Called Strike
0-1: SINGLE (Line Drive, 78S)
Doug Thompson scores
Andrew Alvarado to third
Bob Martin to second
Runner from 3rd tries for Home, SAFE, no throw
Batting: RHB Rubén Matos 0-0: Ball
1-0: Reached on error, E6 (Groundball, 6)
Bob Martin to third
Wilson Allen to second
Batting: LHB Rafael Delgado 0-0: Fly out, F7 (Flyball, 7LD)
Bottom of the 3rd over - 3 run(s), 4 hit(s), 1 error(s), 3 left on base; St Charles 1 - Nassau 3
TOP OF THE 4TH
St Charles Sheens batting - Pitching for Nassau Rockets : LHP Rod Adams
Batting: RHB Max Rash 0-0: Ball
1-0: Ball
2-0: Ground out 6-3 (Groundball, 6)
Batting: LHB Stan Bates 0-0: Foul Ball, location: 2F
0-1: Swinging Strike
0-2: Strikes out looking
Batting: RHB Alfredo Hernández 0-0: Called Strike
0-1: Swinging Strike
0-2: Ball
1-2: Strikes out swinging
Top of the 4th over - 0 run(s), 0 hit(s), 0 error(s), 0 left on base; St Charles 1 - Nassau 3
BOTTOM OF THE 4TH
Nassau Rockets batting - Pitching for St Charles Sheens : RHP Javier Toledo
Batting: LHB Don Ramey 0-0: Ball
1-0: DOUBLE (Flyball, 8LD)
Batting: LHB Doug Thompson 0-0: Called Strike
0-1: Ball
1-1: Ball
2-1: DOUBLE (Line Drive, 9LM)
Don Ramey scores
Batting: SHB Howard Parker 0-0: Called Strike
0-1: Foul Ball, location: 2F
0-2: Ball
1-2: Ball
2-2: SINGLE (Groundball, 4D)
Doug Thompson to third
Batting: LHB Andrew Alvarado 0-0: Ball
1-0: Fly out, F7 (Flyball, 7D)
Runner from 3rd tags up, SCORES, no throw
Batting: LHB Bob Martin 0-0: Called Strike
0-1: Ball
1-1: Fly out, F8 (Flyball, 78M)
Batting: RHB Salvador Borbón 0-0: Swinging Strike
0-1: Foul Ball, location: 2F
0-2: Strikes out looking
Bottom of the 4th over - 2 run(s), 3 hit(s), 0 error(s), 1 left on base; St Charles 1 - Nassau 5
TOP OF THE 5TH
St Charles Sheens batting - Pitching for Nassau Rockets : LHP Rod Adams
Batting: LHB Larry Howard 0-0: Ball
1-0: Called Strike
1-1: Ball
2-1: SOLO HOME RUN (Flyball, 89XD), Distance : 384 ft
Batting: RHB Daniel Robert 0-0: Called Strike
0-1: Called Strike
0-2: Foul Ball, location: 2F
0-2: SINGLE (Line Drive, 34D)
Batting: LHB Kyle Harrison 0-0: Ball
1-0: Called Strike
1-1: Swinging Strike
1-2: Foul Ball, location: 2F
1-2: Fly out, F6 (Popup, 6D)
Batting: RHB Jesús Hernández 0-0: Ball
1-0: Swinging Strike
1-1: SINGLE (Flyball, 89S)
Daniel Robert to second
Batting: RHB Júlio Figueroa 0-0: Foul Ball, location: 2F
0-1: Ball
1-1: Ball
2-1: Ball
3-1: Base on Balls
Daniel Robert to third
Jesús Hernández to second
Batting: RHB Dan Tyler 0-0: Swinging Strike
0-1: Ball
1-1: Called Strike
1-2: Ball
2-2: Fielders Choice at 2nd, 4-6 (Groundball, 4M)
Daniel Robert scores
Jesús Hernández to third
Batting: RHB Max Rash 0-0: Ball
1-0: Ball
2-0: Ground out U3 (Groundball, 34)
Top of the 5th over - 2 run(s), 3 hit(s), 0 error(s), 2 left on base; St Charles 3 - Nassau 5
BOTTOM OF THE 5TH
Nassau Rockets batting - Pitching for St Charles Sheens : RHP Javier Toledo
Batting: LHB Wilson Allen 0-0: Called Strike
0-1: Called Strike
0-2: Strikes out swinging
Batting: RHB Rubén Matos 0-0: Fly out, F8 (Line Drive, 8LS)
Batting: LHB Rafael Delgado 0-0: Ball
1-0: Ball
2-0: Foul Ball, location: 2F
2-1: Ball
3-1: Called Strike
3-2: SINGLE (Line Drive, 78M)
Batting: LHB Don Ramey 0-0: Called Strike
Rafael Delgado is caught stealing 2nd base
Bottom of the 5th over - 0 run(s), 1 hit(s), 0 error(s), 0 left on base; St Charles 3 - Nassau 5
TOP OF THE 6TH
St Charles Sheens batting - Pitching for Nassau Rockets : LHP Rod Adams
Batting: LHB Stan Bates 0-0: Ground out 1-3 (Groundball, P)
Batting: RHB Alfredo Hernández 0-0: Ball
1-0: Called Strike
1-1: Foul Ball, location: 2F
1-2: SINGLE (Groundball, 56D)
Batting: LHB Larry Howard 0-0: Foul Ball, location: 2F
0-1: Called Strike
0-2: Foul Ball, location: 2F
0-2: Ball
1-2: Foul Ball, location: 2F
1-2: Ball
2-2: Foul Ball, location: 2F
2-2: Strikes out looking
Batting: RHB Daniel Robert 0-0: Called Strike
0-1: Ball
1-1: Foul Ball, location: 2F
1-2: Fielders Choice at 2nd, 5-4 (Groundball, 56)
Top of the 6th over - 0 run(s), 1 hit(s), 0 error(s), 0 left on base; St Charles 3 - Nassau 5
BOTTOM OF THE 6TH
Nassau Rockets batting - Pitching for St Charles Sheens : RHP Javier Toledo
Pitching: RHP Irwin Conway
Batting: LHB Don Ramey 0-0: Ball
1-0: Ball
2-0: Fly out, F9 (Line Drive, 9)
Batting: LHB Doug Thompson 0-0: Called Strike
0-1: Swinging Strike
0-2: Ball
1-2: Ball
2-2: Ball
3-2: Foul Ball, location: 2F
3-2: Foul Ball, location: 2F
3-2: Fly out, F7 (Flyball, 78S)
Batting: SHB Howard Parker 0-0: SINGLE (Line Drive, 6)
Batting: LHB Andrew Alvarado 0-0: Ball
1-0: DOUBLE (Line Drive, 78M)
Howard Parker to third
Runner from 3rd tries for Home, SAFE, no throw
Batting: LHB Bob Martin 0-0: Ball
1-0: Called Strike
1-1: Ball
2-1: Reached via error on a dropped throw, E1
Andrew Alvarado to third
Batting: RHB Salvador Borbón 0-0: Called Strike
0-1: Swinging Strike
0-2: Foul Ball, location: 2F
0-2: Strikes out swinging
Bottom of the 6th over - 1 run(s), 2 hit(s), 1 error(s), 2 left on base; St Charles 3 - Nassau 6
TOP OF THE 7TH
St Charles Sheens batting - Pitching for Nassau Rockets : LHP Rod Adams
Pitching: RHP Luis Cortéz
Batting: LHB Kyle Harrison 0-0: Called Strike
0-1: Swinging Strike
0-2: Foul Ball, location: 2F
0-2: Ball
1-2: Ball
2-2: SINGLE (Groundball, 4MD)
Batting: RHB Jesús Hernández 0-0: Called Strike
0-1: Ball
1-1: Foul Ball, location: 2F
1-2: SINGLE (Groundball, 6MD)
Kyle Harrison to second
Batting: RHB Júlio Figueroa 0-0: Fly out, F9 (Line Drive, 89M)
Batting: RHB Dan Tyler 0-0: Called Strike
0-1: Ball
1-1: Foul Ball, location: 2F
1-2: Grounds into double play, 6-4-3 (Groundball, 6)
Top of the 7th over - 0 run(s), 2 hit(s), 0 error(s), 1 left on base; St Charles 3 - Nassau 6
BOTTOM OF THE 7TH
Nassau Rockets batting - Pitching for St Charles Sheens : RHP Irwin Conway
Batting: LHB Wilson Allen 0-0: Foul Ball, location: 2F
0-1: Ball
1-1: Ball
2-1: SOLO HOME RUN (Line Drive, 9D), Distance : 363 ft
Batting: RHB Rubén Matos 0-0: Called Strike
0-1: Swinging Strike
0-2: Ball
1-2: Foul Ball, location: 2F
1-2: Ball
2-2: Ball
3-2: Base on Balls
Batting: LHB Rafael Delgado 0-0: Bunted foul
0-1: Bunt missed!
0-2: Ball
1-2: Fielders Choice at 2nd, 3-6 (Groundball, 34)
Batting: LHB Don Ramey 0-0: Called Strike
0-1: Called Strike
0-2: SINGLE (Groundball, 4D)
Rafael Delgado to second
Runner from 2nd tries for 3rd, SAFE, no throw
Batting: LHB Doug Thompson 0-0: Called Strike
0-1: Ball
1-1: Ball
2-1: Swinging Strike
2-2: Ball
3-2: Ground out 4-3 (Groundball, 4)
Rafael Delgado scores
Don Ramey to second
Pitching: RHP Pedro Santiago
Batting: SHB Howard Parker 0-0: Foul Ball, location: 2F
0-1: Hit by Pitch
Batting: LHB Andrew Alvarado 0-0: Ball
1-0: Foul Ball, location: 2F
1-1: Ball
2-1: Foul Ball, location: 2F
2-2: Foul Ball, location: 2F
2-2: Ground out U3 (Groundball, 23)
Bottom of the 7th over - 2 run(s), 2 hit(s), 0 error(s), 2 left on base; St Charles 3 - Nassau 8
TOP OF THE 8TH
St Charles Sheens batting - Pitching for Nassau Rockets : RHP Luis Cortéz
Batting: RHB Max Rash 0-0: Called Strike
0-1: Ground out 6-3 (Groundball, 6)
Batting: LHB Stan Bates 0-0: Ground out 4-3 (Groundball, 4)
Batting: RHB Alfredo Hernández 0-0: Ball
1-0: Called Strike
1-1: Swinging Strike
1-2: Strikes out swinging
Top of the 8th over - 0 run(s), 0 hit(s), 0 error(s), 0 left on base; St Charles 3 - Nassau 8
BOTTOM OF THE 8TH
Nassau Rockets batting - Pitching for St Charles Sheens : RHP Pedro Santiago
Batting: LHB Bob Martin 0-0: Ground out U3 (Groundball, 34S)
Batting: RHB Salvador Borbón 0-0: Called Strike
0-1: Called Strike
0-2: Foul Ball, location: 2F
0-2: SINGLE (Line Drive, 78S)
Batting: LHB Wilson Allen 0-0: Ball
1-0: Fly out, F7 (Flyball, 7LDF)
Batting: RHB Rubén Matos 0-0: Foul Ball, location: 2F
0-1: Called Strike
0-2: Ball
1-2: SINGLE (Groundball, 56D)
Salvador Borbón to second
Batting: LHB Rafael Delgado 0-0: Fielders Choice at 2nd, 5-4 (Groundball, 56)
Bottom of the 8th over - 0 run(s), 2 hit(s), 0 error(s), 1 left on base; St Charles 3 - Nassau 8
TOP OF THE 9TH
St Charles Sheens batting - Pitching for Nassau Rockets : RHP Luis Cortéz
Pitching: RHP Guan-cai Yong
Now at SS: Pete Harvey
Batting: LHB Larry Howard 0-0: Ball
1-0: Called Strike
1-1: Ball
2-1: Called Strike
2-2: Strikes out swinging
Batting: RHB Daniel Robert 0-0: Swinging Strike
0-1: Called Strike
0-2: Foul Ball, location: 2F
0-2: Strikes out swinging
Batting: LHB Kyle Harrison 0-0: Ground out 5-3 (Groundball, 5)
Top of the 9th over - 0 run(s), 0 hit(s), 0 error(s), 0 left on base; St Charles 3 - Nassau 8
Tuesday, August 8th, 2017 - OOTP Baseball 17.12 Build 75